 Dungeon Crawl Stone Soup version 0.17-a0-877-ga10078a (webtiles) character file.

740 FedoraBrony69 the Cudgeler (level 7, -9/58 HPs)
             Began as a Demonspawn Berserker on Apr 30, 2015.
             Was an Elder of Trog.
             Mangled by an ogre
             ... wielding a +0 giant spiked club
              (16 damage)
             ... on level 5 of the Dungeon.
             The game lasted 00:06:54 (4223 turns).

FedoraBrony69 the Cudgeler (Demonspawn Berserker)   Turns: 4223, Time: 00:06:54

Health: -9/58      AC: 17    Str: 20    XL:     7   Next: 46%
Magic:  7/7        EV:  6    Int:  8    God:    Trog [****..]
Gold:   226        SH:  0    Dex: 11    Spells: 0 memorised, 6 levels left

rFire  . . .     SeeInvis .     a - +0 mace
rCold  . . .     Clarity  .     h - +0 plate armour
rNeg   . . .     SustAb   .     (no shield)
rPois  .         Gourm    .     (helmet restricted)
rElec  .         Spirit   .     (no cloak)
rCorr  .         Warding  .     l - +2 pair of gloves
rMut   .         Stasis   .     (no boots)
MR     ++...                    (no amulet)
Stlth  ..........               (no ring)
                                (no ring)

@: regenerating, very resistant to hostile enchantments, extremely unstealthy
A: antennae 1, rough black scales 1, rot immunity
a: Burn Spellbooks, Berserk, Trog's Hand, Brothers in Arms, Renounce Religion


You were on level 5 of the Dungeon.
You worshipped Trog.
Trog was greatly pleased with you.
You were hungry.

You visited 2 branches of the dungeon, and saw 6 of its levels.

You collected 226 gold pieces.

Inventory:

Hand weapons
 a - a +0 mace (weapon)
Armour
 b - a +0 animal skin
 h - a +0 plate armour (worn)
 l - a +2 pair of gloves (worn)
 p - a +0 scale mail of fire resistance
Jewellery
 j - an uncursed amulet of regeneration {unknown}
Magical devices
 q - a wand of flame (21)
 t - a wand of flame (25)
 x - a wand of frost (25)
Scrolls
 f - a scroll of fear {unknown}
 k - 3 scrolls of identify {unknown}
 m - 3 scrolls of remove curse {unknown}
 n - 2 scrolls of blinking {unknown}
 o - 2 scrolls of random uselessness {unknown}
 r - 2 scrolls of teleportation {unknown}
 v - 2 scrolls of amnesia {unknown}
 w - a scroll of noise {unknown}
 y - 3 scrolls of recharging {unknown}
 B - a scroll of summoning {unknown}
Potions
 e - 2 potions of curing {unknown}
 i - a potion of beneficial mutation {unknown}
 s - a potion of might {unknown}
 u - a potion of berserk rage {unknown}
 A - 2 potions of lignification {unknown}
Comestibles
 c - a bread ration
 d - 3 meat rations
 g - 2 beef jerkies
 z - 2 chunks of flesh


   Skills:
 + Level 6.2 Fighting
 * Level 6.3 Maces & Flails
 - Level 1.7 Armour
 - Level 1.7 Dodging


You had 6 spell levels left.
You didn't know any spells.

Dungeon Overview and Level Annotations

Branches:
Dungeon (5/15)             Temple (1/1) D:5

Altars:
Ashenzari
Elyvilon
Fedhas
Gozag
Kikubaaqudgha
Makhleb
Nemelex Xobeh
Qazlal
Ru
Sif Muna
Trog
Vehumet
Xom
Zin


Innate Abilities, Weirdness & Mutations

You have a pair of small antennae on your head.
You are partially covered in rough black scales (AC +4, Dex -1).
You are immune to rotting.


Message History

The ogre hits you with a giant spiked club.
You hit the ogre.
The ogre is heavily wounded.
The ogre hits you with a giant spiked club!
You closely miss the ogre.
The ogre is heavily wounded.
The ogre closely misses you.
Your plate armour prevents you from hitting the ogre.
The ogre is heavily wounded.
You hit the ogre.
The ogre is severely wounded.
The ogre hits you with a giant spiked club!!
* * * LOW HITPOINT WARNING * * *
You are too injured to fight recklessly!
Use which ability? (? or * to list)
Your skin crawls.
You feel resistant to hostile enchantments.
You feel slightly more hungry.
The ogre hits you with a giant spiked club!
You die...

#.# #####.###.#.# #..
#.###......##...####.#
#.................##.#
#####.########....).).
#.# #.....##.. #.#
##...##### #######.###
##.## #.........# #.#
#.#####@#.# #.# #O#.#
#+# #a# # ..# #.# ...
... ... #.#


You could see an ogre and a worker ant.

Vanquished Creatures
  A phantom (D:4)
  A centaur (D:2)
  2 scorpions
  Ijyb (D:4)
  2 hounds
  4 orc wizards (D:4)
  Terence (D:3)
  A worker ant (D:4)
  3 gnolls (D:4)
  7 adders
  2 oozes
  An adder skeleton (D:4)
  3 giant geckos
  17 orcs
  13 bats
  9 hobgoblins
  8 jackals
  2 giant cockroaches (D:1)
  5 giant newts
  16 goblins
  14 kobolds
  2 quokkas
  7 rats
122 creatures vanquished.

Notes
Turn   | Place    | Note
--------------------------------------------------------------
     0 | D:1      | FedoraBrony69, the Demonspawn Berserker, began the quest for the Orb.
     0 | D:1      | Reached XP level 1. HP: 18/18 MP: 1/1
   234 | D:1      | Gained mutation: You are partially covered in rough black scales (AC +4, Dex -1). [demonic ancestry]
   234 | D:1      | Reached XP level 2. HP: 24/24 MP: 2/2
   862 | D:2      | Acquired Trog's second power
   862 | D:2      | Gained mutation: You are immune to rotting. [demonic ancestry]
   862 | D:2      | Reached XP level 3. HP: 26/29 MP: 3/3
  1386 | D:2      | Reached skill level 4 in Fighting
  1386 | D:2      | Reached XP level 4. HP: 37/37 MP: 4/4
  1493 | D:2      | Noticed a centaur
  1517 | D:2      | Killed a centaur
  1517 | D:2      | Reached XP level 5. HP: 16/43 MP: 5/5
  1803 | D:3      | Found a deep blue altar of Sif Muna.
  1902 | D:3      | Noticed Terence
  1912 | D:3      | Killed Terence
  1912 | D:3      | Reached skill level 5 in Fighting
  2100 | D:3      | Found a radiant altar of Vehumet.
  2428 | D:4      | Gained mutation: You have a pair of small antennae on your head. [demonic ancestry]
  2428 | D:4      | Reached XP level 6. HP: 46/51 MP: 6/6
  2731 | D:4      | Reached skill level 5 in Maces & Flails
  2737 | D:4      | Acquired Trog's third power
  3187 | D:4      | Noticed Ijyb
  3211 | D:4      | Killed Ijyb
  3398 | D:4      | Noticed a phantom
  3436 | D:4      | Killed a phantom
  3436 | D:4      | Reached XP level 7. HP: 42/57 MP: 7/7
  3450 | D:4      | Reached skill level 6 in Fighting
  3818 | D:4      | Found a bloodstained altar of Trog.
  3854 | D:5      | Entered Level 5 of the Dungeon
  3905 | D:5      | Found a staircase to the Ecumenical Temple.
  3911 | Temple   | Entered the Ecumenical Temple
  4223 | D:5      | Mangled by an ogre

Action                   |  1- 3 |  4- 6 |  7- 9 || total
-------------------------+-------+-------+-------++-------
Melee: Mace              |   158 |   283 |    82 ||   523
Invok: Berserk           |       |     3 |     1 ||     4
       Trog's Hand       |       |       |     2 ||     2
 Stab: Sleeping          |     1 |       |       ||     1
  Eat: Chunk             |     2 |     6 |     3 ||    11
       Bread ration      |       |     1 |       ||     1
